 Dungeon Crawl Stone Soup version 0.19-a0-4-ga5c5ac4 (webtiles) character file.

180 HaroldButt the Ruffian (level 5, -3/40 HPs)
             Began as a Draconian Transmuter on Apr 28, 2016.
             Slain by Grinder (8 damage)
             ... while paralysed by Grinder
             ... on level 3 of the Dungeon.
             The game lasted 00:33:19 (2294 turns).

HaroldButt the Ruffian (Draconian Transmuter)       Turns: 2294, Time: 00:33:20

Health: -3/40      AC:  7    Str: 16    XL:     5   Next: 33%
Magic:  8/8        EV:  2    Int: 13    God:
Gold:   84         SH:  0    Dex: 12    Spells: 3 memorised, 2 levels left

rFire  . . .     SeeInvis .       - Unarmed
rCold  . . .     Gourm    .     (armour unavailable)
rNeg   . . .     Faith    .     (no shield)
rPois  .         Spirit   .     (helmet restricted)
rElec  .         Dismiss  .     (no cloak)
rCorr  .         Reflect  .     (no gloves)
SustAt .         Harm     .     g - +1 pair of boots
MR     .....                    (no amulet)
Stlth  +.........               h - +2 ring of slaying
                                d - +3 ring of strength

@: paralysed, not resistant to hostile enchantments, very unstealthy
A: unfitting armour, cold-blooded, AC +5
a: no special abilities


You were on level 3 of the Dungeon.
You were not hungry.

You visited 1 branch of the dungeon, and saw 3 of its levels.

You collected 84 gold pieces.

Inventory:

Missiles
 a - 33 arrows
Armour
 g - a +1 pair of boots (worn)
Jewellery
 d - a +3 ring of strength (left hand)
 e - an uncursed ring of teleportation
 h - a +2 ring of slaying (right hand)
Wands
 n - a wand of digging (12/24)
Scrolls
 k - a scroll of identify
 l - a scroll of amnesia {unknown}
Potions
 m - a potion of degeneration {unknown}
Books
 b - a book of Changes

   Spells                             Type                      Level
   a - Beastly Appendage              Transmutation                1
   b - Sticks to Snakes               Transmutation                2
   c - Spider Form                    Transmutation/Poison         3
   d - Ice Form                       Ice/Transmutation            4
   e - Blade Hands                    Transmutation                5
Comestibles
 c - 2 bread rations
 f - a royal jelly
 i - 6 chunks of flesh
 j - a beef jerky


   Skills:
 - Level 1.2 Fighting
 - Level 1.7 Dodging
 + Level 4.8 Unarmed Combat
 - Level 2.0 Spellcasting
 + Level 4.1 Transmutations


You had 2 spell levels left.
You knew the following spells:

 Your Spells              Type           Power        Failure   Level  Hunger
a - Beastly Appendage     Trmt           ##....       6%          1    ##.....
b - Sticks to Snakes      Trmt           ##......     10%         2    ###....
c - Spider Form           Trmt/Pois      #.........   34%         3    ####...


Dungeon Overview and Level Annotations

Branches:
Dungeon (3/15)

Altars:

Annotations:
D:3 Grinder


Innate Abilities, Weirdness & Mutations

Your plain brown scales are hard (AC +5).
Your body does not fit into most forms of armour.
You are cold-blooded and may be slowed by cold attacks.


Message History

You closely miss the bat. You punch the bat.
You kill the bat!
Grinder blinks!
The goblin misses you.
You closely miss the hobgoblin. Your punch misses the hobgoblin.
The goblin barely misses you.
The hobgoblin hits you but does no damage.
You hit the hobgoblin.
You kill the hobgoblin!
The goblin hits you but does no damage.
You punch the goblin!
You kill the goblin!
Grinder gestures at you.
You suddenly lose the ability to move!
Grinder hits you.
You writhe in agony.
Grinder hits you.
* * * LOW HITPOINT WARNING * * *
You writhe in agony.
* * * LOW HITPOINT WARNING * * *
Grinder hits you!
You die...

.....†..# #.
........######## ## #.
........'......' ... #<
......†.######## ... ##
........# #########'###
........# #...........#
........####...........#
...........'............
############....@)......
#....5.......
#............
#............
#............
#............
#............
#............


You could see Grinder.

Vanquished Creatures
  2 hounds (D:2)
  A gnoll (D:2)
  4 adders (D:2)
  2 worms
  A dart slug (D:2)
  3 giant geckos
  12 bats
  A giant cockroach (D:2)
  6 goblins
  14 hobgoblins
  4 jackals
  3 quokkas (D:2)
  5 giant newts
  4 kobolds
  3 rats
65 creatures vanquished.

Notes
Turn   | Place    | Note
--------------------------------------------------------------
     0 | D:1      | HaroldButt the Draconian Transmuter began the quest for the Orb.
     0 | D:1      | Reached XP level 1. HP: 16/16 MP: 3/3
   243 | D:1      | Reached XP level 2. HP: 23/23 MP: 5/5
   275 | D:1      | Learned a level 2 spell: Sticks to Snakes
  1063 | D:2      | Reached XP level 3. HP: 26/28 MP: 4/6
  1419 | D:2      | Reached XP level 4. HP: 30/35 MP: 7/7
  1664 | D:2      | Reached XP level 5. HP: 40/40 MP: 8/8
  2245 | D:3      | Learned a level 3 spell: Spider Form
  2274 | D:3      | Noticed Grinder
  2290 | D:3      | Paralysed by Grinder for 7 turns
  2294 | D:3      | Slain by Grinder

Vault maps used:
D:1:      dpeg_arrival_rhombus
D:2:      cheibrodos_gnoll_hut
D:3:      uniq_grinder

Skill      XL: |  1  2  3  4  5 |
---------------+----------------+-----
Transmutations | 3 4 |  4.1
Unarmed Combat | 4 |  4.8
Fighting       | |  1.2
Dodging        | |  1.7
Spellcasting   | |  2.0

Action                   |  1- 3 |  4- 6 || total
-------------------------+-------+-------++-------
Melee: Unarmed           |   134 |   100 ||   234
       Tailslap          |    20 |    13 ||    33
       Kick              |     3 |       ||     3
       Headbutt          |     4 |     1 ||     5
       Punch             |       |     3 ||     3
 Cast: Beastly Appendage |     7 |     1 ||     8
  Use: Scroll            |     8 |       ||     8
 Stab: Sleeping          |     4 |     2 ||     6
  Eat: Chunk             |     1 |     4 ||     5
Armor: Skin              |    46 |    43 ||    89
Dodge: Dodged            |    79 |    76 ||   155
